[Event "Early-Titled-Tuesday-Blitz-February-13-2024"]
[Site "Chess.com"]
[Date "2024.02.13"]
[Round "4"]
[White "WindWhistler11"]
[Black "SpongeBob_03"]
[Result "1-0"]
[WhiteElo "2501"]
[BlackElo "2223"]
[TimeControl "180+1"]
[EndTime "8:42:29 PST"]
[Termination "WindWhistler11 won on time"]

1. c4 e6 2. g3 c5 3. Bg2 Nf6 4. b3 Nc6 5. Bb2 Be7 6. e3 b6 7. Nc3 Bb7 8. Nf3 Rc8 9. Ne2 O-O 10. O-O d5 11. a3 dxc4 12. bxc4 Ba6 13. Qc2 Na5 14. d3 Qc7 15. Be5 Bd6 16. Bc3 Nc6 17. Rab1 Rfd8 18. Qb2 Be7 19. Rfd1 Rd7 20. Qc2 Rcd8 21.
h4 Ng4 22. Nf4 Bf6 23. Be1 Nge5 24. Nh2 g5 25. Nh5 Bh8 26. hxg5 Rxd3 27. Rxd3 Rxd3 28. Be4 Bxc4 29. f4 Rxe3 30. fxe5 Nxe5 31. Bf2 Re2 32. Bxh7+ Kf8 33. Qc1 Rxf2 34. Kxf2 Bd3 35. g6 fxg6 36. Qh6+ Ke8 37. Re1 Qf7+ 38. Kg2 Bc4 39. Rxe5 Bxe5 40.
Bxg6 Bd5+ 41. Kh3 1-0

[Event "Early-Titled-Tuesday-Blitz-February-13-2024"]
[Site "Chess.com"]
[Date "2024.02.13"]
[Round "4"]
[White "Jospem"]
[Black "AlmasRakhmatullaev"]
[Result "1-0"]
[WhiteElo "3058"]
[BlackElo "2875"]
[TimeControl "180+1"]
[EndTime "8:42:30 PST"]
[Termination "Jospem won by checkmate"]

1. e4 e5 2. Nf3 Nc6 3. Nc3 Nf6 4. h3 d5 5. Bb5 d4 6. Ne2 Bd6 7. d3 Bd7 8. a3 Ne7 9. Bc4 Ng6 10. Ng3 h6 11.
Nh2 Be6 12. Ng4 Bxc4 13. dxc4 Nh7 14. Nf5 Bf8 15. Qd3 Qd7 16. Bd2 O-O-O 17. O-O-O f6 18. g3 Ng5 19. Bxg5 hxg5 20. Kb1 c6 21. c3 c5 22.
cxd4 exd4 23. Qb3 Qe6 24. f3 Ne7 25. Nxe7+ Bxe7 26. Nf2 Bd6 27. g4 g6 28. Ka2 Rh7 29. e5 Bxe5 30. Rde1 Qc6 31. Nd3 Bd6 32. Re6 Qxf3 33.
Rhe1 Rxh3 34. Qb5 Qxd3 35. Rxd6 Rxd6 36. Re8+ Rd8 37. Qxc5+ Kd7 38. Re7# 1-0

[Event "Early-Titled-Tuesday-Blitz-February-13-2024"]
[Site "Chess.com"]
[Date "2024.02.13"]
[Round "4"]
[White "Njal28"]
[Black "Willhaven3"]
[Result "1-0"]
[WhiteElo "2983"]
[BlackElo "2619"]
[TimeControl "180+1"]
[EndTime "8:42:30 PST"]
[Termination "Njal28 won on time"]

1. e4 c5 2. Nf3 Nc6 3. b4 e5 4. b5 Nd4 5. Nxe5 Qe7 6. Nc4 Qxe4+ 7. Ne3 d5 8. Nc3 Qe5 9. Nxd5 Be6 10. Nc3 O-O-O 11. Be2 f5 12. g3 g5 13. O-O f4 14. Bg4 fxe3 15. fxe3 Nf5 16. b6 axb6 17.
Bb2 Nxe3 18. Bxe6+ Qxe6 19. Qe2 Bg7 20. dxe3 Ne7 21.
Rab1 Nc6 22. Na4 Nd4 23. Bxd4 Bxd4 24. Nxb6+ Kb8 25. Nc4 Rhe8 26. Rb3 Bh8 27. Rfb1 Rd7 28. Qf3 Qe7 29. Na5 1-0

[Event "Early-Titled-Tuesday-Blitz-February-13-2024"]
[Site "Chess.com"]
[Date "2024.02.13"]
[Round "4"]
[White "Cirky"]
[Black "Kildepiotr"]
[Result "0-1"]
[WhiteElo "2487"]
[BlackElo "2694"]
[TimeControl "180+1"]
[EndTime "8:42:30 PST"]
[Termination "Kildepiotr won on time"]

1. d4 c5 2. d5 e5 3. Nc3 d6 4. e4 Be7 5. Bb5+ Nd7 6. Nf3 a6 7.
Bd3 b5 8. a4 b4 9. Ne2 Ngf6 10.
O-O c4 11. Bxc4 Nxe4 12. c3 bxc3 13. Nxc3 Nxc3 14. bxc3 Qc7 15. Qe2 Nb6 16. Nd2 O-O 17. a5 Nxc4 18. Nxc4 Bb7 19. Nb6 Rab8 20. c4 f5 21. f4 Bf6 22. Ra2 Rbe8 23. fxe5 Bxe5 24. Qf2 f4 25. Kh1 Bc8 26. Bb2 Bg4 27. h3 Bh5 28. Bxe5 Rxe5 29. Rc2 f3 30. g4 Bg6 31. Rc3 Re2 32. Qg3 Be4 33. c5 Rg2 34. Qxd6 Qxd6 35.
cxd6 f2 36. Rcc1 Rg1+ 37. Kh2 Rxf1 38. Rxf1 Bd3 39. Rd1 f1=Q 40. Rxf1 Bxf1 41. Kg3 Bb5 0-1

[Event "Early-Titled-Tuesday-Blitz-February-13-2024"]
[Site "Chess.com"]
[Date "2024.02.13"]
[Round "4"]
[White "cyrdap"]
[Black "ElephantChessGenius"]
[Result "0-1"]
[WhiteElo "2633"]
[BlackElo "2306"]
[TimeControl "180+1"]
[EndTime "8:42:30 PST"]
[Termination "ElephantChessGenius won by resignation"]

1. e4 c5 2. Nf3 g6 3. d4 cxd4 4. Nxd4 Bg7 5. c4 Nc6 6. Be3 Qb6 7. Nb3 Qd8 8. Nc3 Bxc3+ 9. bxc3 Nf6 10. Bd3 d6 11. f3 b6 12. h4 h5 13. O-O Ba6 14. Nd4 Ne5 15. Be2 O-O 16. Qa4 Qc8 17. Nb5 Ned7 18. f4 Nxe4 19. f5 Ne5 20. Bd4 Ng3 21.
Bf3 Nxf3+ 22. Rxf3 Nxf5 23. Rxf5 gxf5 24. Qd1 e5 25. Qxh5 Bxb5 26. Qg5+ Kh7 27. Rf1 Qe6 28.
Be3 Qg6 29. Qe7 Bxc4 30. h5 Qxh5 31. Rf3 f4 32. Bxf4 exf4 33. Rh3 Qxh3 34. gxh3 Rg8+ 35. Kf2 Be6 36. Qh4+ Kg7 37. Qg5+ Kf8 38. Qh6+ Ke7 39. Qh4+ Kd7 40. Qh5 Rac8 41. Qb5+ Ke7 42. h4 Rxc3 43. Qa6 Rc2+ 44. Kf3 Rc4 45. Qb7+ Kf6 46. Ke2 Rg2+ 47. Kd3 Rg3+ 48. Kd2 Rd4+ 49. Kc2 Bf5+ 50. Kb2 Rd2+ 51. Kc1 Rc2+ 0-1

[Event "Early-Titled-Tuesday-Blitz-February-13-2024"]
[Site "Chess.com"]
[Date "2024.02.13"]
[Round "4"]
[White "ccccvhhhj"]
[Black "Freeeeeeeeeeeeeeeeee"]
[Result "1-0"]
[WhiteElo "2491"]
[BlackElo "2136"]
[TimeControl "180+1"]
[EndTime "8:42:30 PST"]
[Termination "ccccvhhhj won on time"]

1. d4 d6 2. e4 Nf6 3. Nc3 Nc6 4. f3 g6 5. Be3 Bg7 6. Qd2 O-O 7. O-O-O e5 8. Nge2 exd4 9. Nxd4 Re8 10. g4 Bd7 11.
h4 Ne5 12. Be2 h5 13. gxh5 Nxh5 14. Rdg1 c5 15. Nb3 Be6 16. f4 Nc4 17. Bxc4 Bxc4 18. f5 Qf6 19. fxg6 fxg6 20. Rg5 a5 21. Rhg1 Bf7 22. a4 b5 23. Rxh5 gxh5 24. Bh6 Bg6 25. Bxg7 Qxg7 26. Nxb5 Kh7 27. Qg5 Rxe4 28. Nxd6 Rg4 29.
Rxg4 hxg4 30. h5 Qh6 31. hxg6+ Qxg6 32. Qe7+ Qg7 33. Qe4+ Qg6 34. Qxa8 Qxd6 35. Qe4+ Kh6 36. Qxg4 1-0

[Event "Early-Titled-Tuesday-Blitz-February-13-2024"]
[Site "Chess.com"]
[Date "2024.02.13"]
[Round "4"]
[White "regenda"]
[Black "BursaBBSatranc"]
[Result "0-1"]
[WhiteElo "2109"]
[BlackElo "2682"]
[TimeControl "180+1"]
[EndTime "8:42:30 PST"]
[Termination "BursaBBSatranc won by checkmate"]

1. e4 e5 2. Nf3 Nf6 3. Nc3 Nc6 4.
Bb5 Nd4 5. O-O Nxb5 6. Nxb5 d6 7.
d4 exd4 8. Re1 Be7 9. Qxd4 O-O 10. Bg5 Bg4 11. Nh4 h6 12. Bd2 Nd7 13. Nf5 Bxf5 14.
exf5 Bf6 15. Qg4 Kh7 16. c3 Ne5 17. Qh3 Qd7 18. Nd4 Rfe8 19. g4 Nc4 20. Bf4 Kg8 21. b3 Nb6 22. Bd2 Rxe1+ 23. Rxe1 Re8 24. Qf3 Rxe1+ 25. Bxe1 Bxd4 26. cxd4 Qc6 27. Qxc6 bxc6 28. Bd2 Nd5 29. Kg2 f6 30. Kf3 Kf7 31. Ke4 a6 32.
Kd3 Ke7 33. Kc4 Kd7 34. a4 Nb6+ 35. Kd3 Ke7 36. Ba5 Nd5 37. Bd2 Ke8 38. Kc4 Kd7 39. h3 Ne7 40. Kb4 Kc8 41. Ka5 Kb7 42.
h4 c5 43. dxc5 dxc5 44. b4 Nc6# 0-1

[Event "Early-Titled-Tuesday-Blitz-February-13-2024"]
[Site "Chess.com"]
[Date "2024.02.13"]
[Round "4"]
[White "HamedWafa4"]
[Black "Anton_Demchenko"]
[Result "0-1"]
[WhiteElo "2758"]
[BlackElo "2941"]
[TimeControl "180+1"]
[EndTime "8:42:31 PST"]
[Termination "Anton_Demchenko won by resignation"]

1. e4 e5 2. Nf3 Nc6 3. Nc3 Nf6 4. Bb5 Bd6 5. O-O O-O 6. d3 Re8 7. Ne2 a6 8. Bxc6 dxc6 9. Ng3 Nd7 10. h3 Nf8 11. Nd2 b5 12. Nf5 Ne6 13. Re1 Bf8 14.
Nf1 f6 15. a4 Bb7 16. b3 Qd7 17. N1g3 Rad8 18. h4 g6 19. Ne3 h5 20. Qf3 Qf7 21. Bb2 Bc5 22. Ne2 Kg7 23. Qg3 Kh7 24. Qf3 Rf8 25. Kh2 Rd7 26. Rg1 Nd4 27. Nxd4 exd4 28. Nf1 f5 29. exf5 Qxf5 30. Qxf5 Rxf5 31. f3 Bd6+ 32. g3 Rxf3 33. Nd2 Rf2+ 34. Rg2 Rxg2+ 35. Kxg2 c5+ 36. Kh2 Re7 37. Ne4 Bxe4 38. dxe4 Rxe4 39. axb5 axb5 40. Rg1 Kg8 41. Rg2 Kf7 42. Rf2+ Ke6 43. Kg2 Re3 44. Rf3 Kd5 45. Rxe3 dxe3 46. Kf3 c4 47.
Bc3 Bc5 48. Bf6 cxb3 49. cxb3 Bd4 50. Be7 c5 51. Bg5 c4 52. bxc4+ Kxc4 0-1

[Event "Early-Titled-Tuesday-Blitz-February-13-2024"]
[Site "Chess.com"]
[Date "2024.02.13"]
[Round "4"]
[White "FREDERICKtheMATE"]
[Black "Al_Shima"]
[Result "1-0"]
[WhiteElo "2646"]
[BlackElo "2364"]
[TimeControl "180+1"]
[EndTime "8:42:32 PST"]
[Termination "FREDERICKtheMATE won by resignation"]

1. d4 Nf6 2. c4 e6 3. Nf3 d5 4.
Nc3 b6 5. cxd5 exd5 6. Bg5 Bb7 7.
e3 Be7 8. Bxf6 Bxf6 9. Rc1 c6 10. Bd3 O-O 11. O-O h6 12. b4 Re8 13. Ne2 Nd7 14.
Qa4 a5 15. b5 c5 16. Bf5 c4 17. Nc3 Nf8 18. Qd1 g6 19. Bc2 Rc8 20. a4 Kg7 21. Qe2 Ne6 22. Rfd1 h5 23. g3 h4 24. Kg2 Qd7 25.
Qd2 Rh8 26. Rh1 Rcd8 27. h3 hxg3 28. fxg3 Rh7 29. h4 Rdh8 30. Rcf1 Rh5 31. Qf2 Qe7 32. Bd1 Nc7 33. Nd2 R5h7 34. Bf3 Qd6 35. e4 dxe4 36. Ndxe4 Qxd4 37. Nxf6 Qxf2+ 38. Rxf2 Bxf3+ 39. Rxf3 Rh6 40. Nfd5 Ne6 41. Nxb6 Rd8 42. Nxc4 Rc8 43. Nxa5 Rh5 44. Nc6 Rc5 45. Rd1 Rc7 46. Rd5 Rc4 47. Rd6 Rc5 48.
a5 Rc4 49. a6 Rb4 1-0

[Event "Early-Titled-Tuesday-Blitz-February-13-2024"]
[Site "Chess.com"]
[Date "2024.02.13"]
[Round "4"]
[White "ChainedDowntohell"]
[Black "carloseduar100"]
[Result "1-0"]
[WhiteElo "2538"]
[BlackElo "2349"]
[TimeControl "180+1"]
[EndTime "8:42:32 PST"]
[Termination "ChainedDowntohell won by resignation"]

1. d4 d5 2. c4 e5 3. e3 exd4 4.
exd4 Nc6 5. Nf3 Nf6 6. Nc3 Bb4 7. Bd3 dxc4 8. Bxc4 Bg4 9. O-O O-O 10. Be3 Bh5 11. a3 Bd6 12. Re1 a6 13. Bg5 Bxf3 14. Qxf3 Nxd4 15. Qh3 h6 16. Bxh6 gxh6 17. Qxh6 b5 18.
Ne4 Nh7 19. Bd5 Kh8 20. Bxa8 Qxa8 21. Rad1 Nf5 22. Qh5 Ng7 23. Qh4 Kg8 24. Rd3 Re8 25. Rh3 Rxe4 26. Qxh7+ Kf8 27. Rxe4 Ne6 28. Qh8+ Ke7 29.
Qxa8 1-0

[Event "Early-Titled-Tuesday-Blitz-February-13-2024"]
[Site "Chess.com"]
[Date "2024.02.13"]
[Round "4"]
[White "artooon"]
[Black "Fh2411"]
[Result "1-0"]
[WhiteElo "3024"]
[BlackElo "2626"]
[TimeControl "180+1"]
[EndTime "8:42:33 PST"]
[Termination "artooon won on time"]

1. e4 c5 2. Nf3 e6 3. d4 cxd4 4. Nxd4 a6 5. Bd3 Nc6 6. Nxc6 dxc6 7. O-O e5 8. Kh1 Nf6 9. f4 Bc5 10. Qe1 Ng4 11. f5 Qd4 12. h3 Nf2+ 13. Kh2 Nxd3 14. cxd3 Qxd3 15. Rf3 Qd6 16. Qg3 Qd1 17. Be3 Bxe3 18.
Rxe3 O-O 19. Nc3 Qxa1 20. f6 g6 21. Qg5 Kh8 22. Ne2 Be6 23. Ng1 Rad8 24. Nf3 Rd1 25.
Qh6 Rh1+ 26. Kg3 Rxh3+ 27. gxh3 Rg8 28. Re1 Qxb2 29. Ng5 Qc3+ 30. Kf2 Qd2+ 31. Re2 Qf4+ 32. Kg2 Bxh3+ 33. Kxh3 Qf1+ 34. Kg3 Qf4+ 35. Kg2 Qg4+ 36. Kf1 Qf4+ 37. Rf2 1-0

[Event "Early-Titled-Tuesday-Blitz-February-13-2024"]
[Site "Chess.com"]
[Date "2024.02.13"]
[Round "4"]
[White "onnoelgersma"]
[Black "Felix-Rose"]
[Result "1-0"]
[WhiteElo "2534"]
[BlackElo "2223"]
[TimeControl "180+1"]
[EndTime "8:42:33 PST"]
[Termination "onnoelgersma won by checkmate"]

1. c3 d5 2. Nf3 Nf6 3. d4 e6 4. Bf4 Bd6 5. Bg3 O-O 6. Nbd2 c5 7. e3 b6 8. Ne5 Bb7 9. Bd3 Nc6 10. O-O Qc7 11.
f4 Ne7 12. Bh4 Nf5 13. Bxf6 gxf6 14. Bxf5 exf5 15. Qh5 fxe5 16. Qg5+ Kh8 17. Qf6+ Kg8 18. Rf3 exf4 19. Qg5+ Kh8 20. Qf6+ Kg8 21. exf4 Bxf4 22. Raf1 Qd6 23. Qh4 Bxd2 24. Rg3+ Kh8 25. Rxf5 Qe6 26. Re5 Qh6 27. Rh5 Qe3+ 28. Rxe3 Bxe3+ 29. Kh1 h6 30. Qf6+ Kg8 31. Qe7 Ba6 32. Qxe3 Rae8 33.
Qg3+ Kh7 34. h3 Rg8 35. Qf4 cxd4 36. Qxh6# 1-0

[Event "Early-Titled-Tuesday-Blitz-February-13-2024"]
[Site "Chess.com"]
[Date "2024.02.13"]
[Round "4"]
[White "invisible_s0ul"]
[Black "ThePeacefulPanda"]
[Result "0-1"]
[WhiteElo "2205"]
[BlackElo "2486"]
[TimeControl "180+1"]
[EndTime "8:42:35 PST"]
[Termination "ThePeacefulPanda won by resignation"]

1. g3 d6 2. Bg2 Nc6 3. c4 g6 4.
Nc3 Bg7 5. e3 e5 6. Nge2 Nge7 7.
d4 O-O 8. O-O exd4 9. exd4 Nf5 10. d5 Ncd4 11. Nxd4 Nxd4 12. Be3 Nf5 13. Re1 Nxe3 14.
Rxe3 Bd7 15. Qb3 b6 16. Rae1 Re8 17. Rxe8+ Bxe8 18. Nb5 a6 19. Nc3 Bd7 20. Ne4 Qf8 21.
Qc2 Re8 22. b3 Bf5 23. f3 Bd4+ 24. Kh1 Bxe4 25. Rxe4 f5 26. Rxd4 Re1+ 27. Bf1 Rxf1+ 28.
Kg2 Re1 29. Qf2 Qe7 30. Rd2 h5 31. h4 Re5 32. Kf1 Kf7 33. Re2 Kf6 34. Qd4 Kf7 35. Rf2 Qf6 36. Kg2 f4 37. Qxf4 Qxf4 38. gxf4 Re3 39. Kf1 Kf6 40. Re2 Rxf3+ 41. Kg2 Rxf4 42.
Re6+ Kf7 43. Kg3 Rf6 44. Re4 Rf5 45. Re6 Re5 46. Rxe5 dxe5 47. Kf3 Kf6 48. Ke4 g5 49.
hxg5+ Kxg5 50. b4 h4 51. c5 bxc5 52. bxc5 h3 53. Kf3 e4+ 54. Kg3 e3 55. d6 e2 56.
Kf2 cxd6 57. c6 h2 58. c7 e1=Q+ 59. Kxe1 h1=Q+ 60. Ke2 Qc6 0-1

[Event "Early-Titled-Tuesday-Blitz-February-13-2024"]
[Site "Chess.com"]
[Date "2024.02.13"]
[Round "4"]
[White "agvania123"]
[Black "Hilary46"]
[Result "1-0"]
[WhiteElo "2400"]
[BlackElo "2644"]
[TimeControl "180+1"]
[EndTime "8:42:36 PST"]
[Termination "agvania123 won by resignation"]

1. c4 Nf6 2. Nc3 e6 3. e4 d5 4. cxd5 exd5 5. exd5 Nxd5 6. Bc4 Nxc3 7. dxc3 Qxd1+ 8.
Kxd1 Bc5 9. Ne2 Bxf2 10. Rf1 Bc5 11. Bxf7+ Ke7 12. Bg5+ Kd6 13. Kc2 Kc6 14. b4 Bd6 15. a4 b6 16. Nd4+ Kb7 17. Bd5+ c6 18. Rf7+ Bc7 19. Bf4 Bd7 20. Nxc6 Bxf4 21. Nxb8+ Kxb8 22. Rxd7 Be5 23. Re1 Bf6 24. Rf7 a5 25. Bxa8 Kxa8 26. bxa5 bxa5 27. Re6 Rc8 28. Ra6+ Kb8 29. Raxf6 gxf6 30.
Rxf6 Rc4 31. Kb3 Re4 32. Rh6 Re7 33. g4 Kb7 34. h4 Rd7 35. Kc4 Rc7+ 36. Kb5 Rxc3 37.
Rxh7+ Kc8 38. Kxa5 Rb3 39. g5 Kd8 40. g6 Ke8 41. h5 Kf8 42. h6 Kg8 43. Rc7 Rb8 44. Ka6 Kh8 45. Ka7 Re8 46. Kb7 Rf8 47. Rc8 Rg8 48. Rxg8+ Kxg8 49. a5 1-0

[Event "Early-Titled-Tuesday-Blitz-February-13-2024"]
[Site "Chess.com"]
[Date "2024.02.13"]
[Round "4"]
[White "Slovineanu"]
[Black "Agibileg"]
[Result "0-1"]
[WhiteElo "2434"]
[BlackElo "2721"]
[TimeControl "180+1"]
[EndTime "8:42:36 PST"]
[Termination "Agibileg won on time"]

1. d4 Nf6 2. Nf3 e6 3. c4 c5 4. d5 d6 5. Nc3 g6 6. e4 Bg7 7. Be2 O-O 8. Be3 a6 9. a4 e5 10.
Nd2 a5 11. Nb5 Na6 12. h3 Nb4 13. g4 Kh8 14. Ra3 Ng8 15. h4 f5 16. Bg5 Qd7 17. gxf5 gxf5 18. exf5 Qxf5 19. Rf3 Qg6 20. Be7 Rxf3 21.
Nxf3 Nc2+ 22. Kf1 Nxe7 23. h5 Qf6 24. Qxc2 Bf5 25. Bd3 Bxd3+ 26. Qxd3 Rf8 27. Rh3 Bh6 28. Nc3 Nf5 29. Ne4 Qf7 30. Qe2 Nd4 31. Nxd4 cxd4 32.
Rg3 Be3 33. Kg2 Qf5 34. f3 Qxh5 35. Nxd6 Bf4 36. Rg4 Qh2+ 37. Kf1 Qh1+ 38. Rg1 Qh5 39. Ne4 Be3 0-1

[Event "Early-Titled-Tuesday-Blitz-February-13-2024"]
[Site "Chess.com"]
[Date "2024.02.13"]
[Round "4"]
[White "Barbix1"]
[Black "TitarovVasiliYouTube"]
[Result "0-1"]
[WhiteElo "2304"]
[BlackElo "2520"]
[TimeControl "180+1"]
[EndTime "8:42:36 PST"]
[Termination "TitarovVasiliYouTube won on time"]

1. d4 d6 2. Nf3 Nf6 3. Bf4 Bg4 4. h3 Bxf3 5. exf3 d5 6. Bd3 e6 7. O-O Bd6 8. Be3 O-O 9. Re1 Nbd7 10. Nd2 c5 11. c3 cxd4 12. cxd4 Qb6 13. Nb3 Rfc8 14. Rc1 a5 15. Re2 a4 16. Na1 a3 17. b3 Rxc1 18. Qxc1 g6 19. Rc2 Rf8 20. b4 Qxb4 21.
Nb3 Nb8 22. Bd2 Qa4 23. Bh6 Re8 24. Rc8 Nc6 25. Rxe8+ Nxe8 26. h4 Qb4 27. h5 Bf8 28. Bd2 Qb6 29. hxg6 hxg6 30. Be3 Bg7 31. Qc2 Nxd4 0-1

[Event "Early-Titled-Tuesday-Blitz-February-13-2024"]
[Site "Chess.com"]
[Date "2024.02.13"]
[Round "4"]
[White "LionelMessiFCB"]
[Black "Qingdom"]
[Result "0-1"]
[WhiteElo "2475"]
[BlackElo "2194"]
[TimeControl "180+1"]
[EndTime "8:42:36 PST"]
[Termination "Qingdom won by resignation"]

1. c4 e6 2. g3 d5 3. Bg2 Nf6 4. Nf3 Be7 5. O-O O-O 6. b3 c5 7.
Bb2 Nc6 8. e3 dxc4 9. bxc4 Qc7 10. d4 Rd8 11. Qc1 cxd4 12. exd4 b6 13. Nc3 Bb7 14. Ne2 Rac8 15. Bc3 Ne4 16. Nd2 Nxc3 17. Qxc3 Bf6 18. Bxc6 Qxc6 19. f3 b5 20. c5 e5 21.
dxe5 Qxc5+ 22. Qxc5 Rxc5 23. Rad1 Rxe5 24. Nf4 Kf8 25.
Kf2 Be7 26. Nb3 g5 27. Rxd8+ Bxd8 28. Nd3 Bb6+ 29. Kg2 Re2+ 30. Kh3 h5 31. g4 hxg4+ 32. Kxg4 Rxh2 33. Kxg5 Rxa2 34. Re1 Kg7 35. Kf4 Kf6 36. Re5 Bc7 37. Nbc5 Bxe5+ 38. Nxe5 Bd5 39. Ncd7+ Ke6 40.
Nc5+ Kd6 41. Ncd3 a5 42. Kf5 b4 43. Kf6 Rd2 44. Nf4 Rf2 45. Nxd5 Kxd5 46. Kf5 b3 47. f4 b2 48. Nd3 b1=Q 0-1

[Event "Early-Titled-Tuesday-Blitz-February-13-2024"]
[Site "Chess.com"]
[Date "2024.02.13"]
[Round "4"]
[White "Atousa"]
[Black "cukin84"]
[Result "1-0"]
[WhiteElo "2510"]
[BlackElo "2221"]
[TimeControl "180+1"]
[EndTime "8:42:36 PST"]
[Termination "Atousa won by resignation"]

1. d4 f5 2. Nf3 Nf6 3. g3 g6 4. Bg2 Bg7 5. O-O O-O 6. c3 d6 7. Nbd2 Qe8 8. Re1 e5 9. dxe5 dxe5 10. e4 f4 11. Nc4 Nc6 12. Qb3 Kh8 13. a4 Be6 14.
Nfd2 fxg3 15. hxg3 Na5 16. Qb4 Nxc4 17. Nxc4 c5 18.
Qb3 Qf7 19. Bf1 Nxe4 20. Be3 Nxf2 21. Nd6 Bxb3 22. Nxf7+ Rxf7 23. Bxf2 b6 24. a5 Raf8 25. Be3 Rf3 26. Kh2 e4 27. axb6 axb6 28. Bg2 Be5 29.
Bxf3 Rxf3 30. Bf4 Bf6 31. Rxe4 Kg7 32. Ra7+ Bf7 33. Re2 g5 34. Be5 Bxe5 35. Rxe5 Rf2+ 36. Kg1 Rf3 37. Rxg5+ Kf6 38. Rg4 Bg6 39. Rf4+ Rxf4 40.
gxf4 Kf5 41. Rb7 Kxf4 42. Rxb6 Ke4 43. b4 cxb4 44. cxb4 Kd5 45. Kf2 Kc4 46. Kg3 Be4 47. Kf4 Bg6 48. Ke5 Bd3 49. Rb8 Kb3 50. b5 Ka4 51. b6 Ka5 52. b7 Ka6 53. Rd8 Kxb7 54. Rxd3 1-0

[Event "Early-Titled-Tuesday-Blitz-February-13-2024"]
[Site "Chess.com"]
[Date "2024.02.13"]
[Round "4"]
[White "Klavdia_Nik"]
[Black "bylavochka"]
[Result "0-1"]
[WhiteElo "2121"]
[BlackElo "2306"]
[TimeControl "180+1"]
[EndTime "8:42:36 PST"]
[Termination "bylavochka won by checkmate"]

1. Nf3 Nf6 2. c4 c5 3. b3 Nc6 4.
Bb2 g6 5. g3 Bg7 6. Bg2 O-O 7.
O-O d6 8. d4 cxd4 9. Nxd4 Bd7 10. Nc2 Qc8 11. Re1 Bh3 12. Bh1 a5 13. Nc3 Ng4 14.
e4 Qb8 15. Rb1 Qa7 16. Qd2 f5 17. Nb5 Qb6 18. Bxg7 Kxg7 19. Ncd4 fxe4 20. Ne6+ Kg8 21. Nxf8 Rxf8 22. Re2 Rxf2 23. Qd5+ Kg7 24. c5 Qxb5 25.
Rxf2 Nxf2 26. Kxf2 Ne5 27. Bxe4 Ng4+ 28. Kg1 Qe2 29.
Qd4+ e5 30. Qd3 Qf2+ 31. Kh1 Qxh2# 0-1

[Event "Early-Titled-Tuesday-Blitz-February-13-2024"]
[Site "Chess.com"]
[Date "2024.02.13"]
[Round "4"]
[White "m_ezat"]
[Black "wannabe2700"]
[Result "1-0"]
[WhiteElo "2442"]
[BlackElo "2653"]
[TimeControl "180+1"]
[EndTime "8:42:37 PST"]
[Termination "m_ezat won by checkmate"]

1. e4 c5 2. d4 cxd4 3. c3 dxc3 4. Nxc3 Nc6 5. Nf3 e6 6. Bc4 Bb4 7. O-O Nge7 8. Qe2 Bxc3 9. bxc3 d5 10. Rd1 O-O 11. Ba3 Qa5 12. Bxe7 Nxe7 13. Bd3 Qxc3 14. Rac1 Qf6 15. Qe3 Nc6 16. e5 Qh6 17. Ng5 Nxe5 18. Bxh7+ Kh8 19. Qxe5 Qf6 20. Qd6 Re8 21. Qg3 g6 22.
Rc3 e5 23. Rf3 Bf5 24. Qh4 Kg7 25. g4 e4 26. Rf4 Re5 27. gxf5 Rxf5 28. Rxf5 Qxf5 29.
f4 f6 30. Bxg6 Qxg6 31. Rxd5 Rc8 32. Kg2 Rc7 33. Rd8 fxg5 34. Qh8+ Kf7 35. Qf8+ Ke6 36. Rd6# 1-0

[Event "Early-Titled-Tuesday-Blitz-February-13-2024"]
[Site "Chess.com"]
[Date "2024.02.13"]
[Round "4"]
[White "Egor_Koshulyan"]
[Black "Zheenbekov86"]
[Result "1-0"]
[WhiteElo "2617"]
[BlackElo "2416"]
[TimeControl "180+1"]
[EndTime "8:42:38 PST"]
[Termination "Egor_Koshulyan won by checkmate"]

1. e4 c6 2. d4 d5 3. e5 Bf5 4. Nf3 e6 5. Be2 Nd7 6. O-O h6 7. a4 Ne7 8. a5 a6 9. Nbd2 c5 10. c4 Nc6 11. cxd5 exd5 12. dxc5 Nxc5 13. Nb3 Nxb3 14.
Qxb3 Bb4 15. Bd2 Bxd2 16. Nxd2 Nxa5 17. Qb4 b6 18. Rfc1 Be6 19. Bxa6 Rxa6 20. Qb5+ Kf8 21.
Qxa6 Kg8 22. b4 Nc4 23. Nxc4 dxc4 24. Qb7 Kh7 25. Rd1 Qg5 26. Rac1 Rd8 27. Qe4+ g6 28.
f4 Qe7 29. f5 gxf5 30. Qe1 b5 31. Qc3 Qa7+ 32. Kh1 Rxd1+ 33. Rxd1 Qf2 34. h3 Qf4 35. Rd8 Qf1+ 36. Kh2 Qf4+ 37. Qg3 Qg5 38. Rb8 Qd2 39.
Qg8# 1-0

[Event "Early-Titled-Tuesday-Blitz-February-13-2024"]
[Site "Chess.com"]
[Date "2024.02.13"]
[Round "4"]
[White "jcibarra"]
[Black "Alex_Banzea"]
[Result "1-0"]
[WhiteElo "2962"]
[BlackElo "2616"]
[TimeControl "180+1"]
[EndTime "8:42:39 PST"]
[Termination "jcibarra won on time"]

1. e4 c6 2. Nf3 d5 3. d3 g6 4. Qe2 Bg7 5. g3 e5 6. exd5 Ne7 7. d6 Qxd6 8. Bg2 O-O 9. O-O Na6 10. Nbd2 Qc7 11. Re1 f6 12. d4 Nf5 13. dxe5 fxe5 14.
c3 Re8 15. Ne4 Be6 16. Nfg5 Bd5 17. Qg4 Rad8 18. Bd2 h6 19. Nf3 Qf7 20. b3 Nc7 21. Rad1 Ne6 22. Qh3 b5 23. Re2 g5 24. Rde1 Qg6 25.
g4 Ne7 26. Ng3 Bxf3 27. Bxf3 Nd5 28. Be4 Qf6 29. Nh5 Qf8 30. Qf3 Nef4 31. Nxf4 gxf4 32.
c4 bxc4 33. bxc4 1-0

[Event "Early-Titled-Tuesday-Blitz-February-13-2024"]
[Site "Chess.com"]
[Date "2024.02.13"]
[Round "4"]
[White "Hikaru"]
[Black "bancsoo"]
[Result "1-0"]
[WhiteElo "3383"]
[BlackElo "2911"]
[TimeControl "180+1"]
[EndTime "8:42:40 PST"]
[Termination "Hikaru won by resignation"]

1. Nf3 d5 2. g3 Bg4 3. Bg2 c6 4.
d3 Nf6 5. Nbd2 Nbd7 6. e4 dxe4 7. dxe4 e5 8. h3 Bh5 9. O-O Bc5 10. c3 a5 11. a4 O-O 12. Qe2 Qc7 13. Kh2 Rfe8 14. Qc4 Qb6 15. Kg1 Rad8 16. Nb3 Bf8 17. Be3 Qc7 18. Nbd2 Nb6 19. Qe2 Nbd7 20. Qc4 Nb6 21.
Qb3 Nbd7 22. Rfe1 Bc5 23. Qc2 Bxe3 24. Rxe3 Nc5 25. b4 axb4 26. cxb4 Ne6 27. Qb2 Bxf3 28. Nxf3 Nd4 29. Ne1 Rd7 30. Nd3 Red8 31. Nc5 Rd6 32. a5 Nd7 33. Na4 Nf8 34. Nb6 Nfe6 35. h4 h5 36. Nc4 R6d7 37. Bh3 g6 38. Bxe6 fxe6 39. Kg2 Rf8 40. Rf1 Kh7 41. Rd3 Rfd8 42. Rfd1 Kg8 43. f4 Nb5 44. Nxe5 Rxd3 45. Rxd3 Rxd3 46. Nxd3 Qd8 47. Nf2 Qd4 48. Qxd4 Nxd4 49. Nd3 Kf7 50. Nc5 Nc2 51. Nxb7 Nxb4 52. Nc5 1-0

[Event "Early-Titled-Tuesday-Blitz-February-13-2024"]
[Site "Chess.com"]
[Date "2024.02.13"]
[Round "4"]
[White "yosephtaher"]
[Black "profedechess93"]
[Result "1-0"]
[WhiteElo "2924"]
[BlackElo "2629"]
[TimeControl "180+1"]
[EndTime "8:42:40 PST"]
[Termination "yosephtaher won by resignation"]

1. d4 d5 2. Nc3 Nf6 3. Bf4 a6 4. e3 c5 5. Nf3 cxd4 6. exd4 Nc6 7. Ne5 Bf5 8. g4 Bc8 9. h3 Qb6 10. g5 Ne4 11. Nxe4 dxe4 12. Nc4 Qd8 13. d5 Nb4 14. Ne3 e6 15. d6 Nc6 16. Bg2 e5 17. Bg3 Bxd6 18. Bxe4 O-O 19. c3 Bc5 20. Qh5 g6 21.
Qh6 f5 22. gxf6 Qxf6 23. O-O-O Be6 24. Ng4 Qg7 25. Qxg7+ Kxg7 26. Bxc6 bxc6 27. Bxe5+ Kf7 28. Bg3 Bd5 29. Rhe1 Rfe8 30. c4 Bg2 31. Rd7+ Kf8 32. Rxe8+ Rxe8 33. Rxh7 Re1+ 34. Kc2 Be4+ 35. Kb3 g5 36.
Rd7 Re2 37. Bd6+ Bxd6 38. Rxd6 Ke7 39. Rh6 a5 40. a3 Bc2+ 41. Kc3 Be4 42. b4 a4 43. Kd4 Bf5 44. Ne3 Ra2 45. Nxf5+ 1-0

[Event "Early-Titled-Tuesday-Blitz-February-13-2024"]
[Site "Chess.com"]
[Date "2024.02.13"]
[Round "4"]
[White "NanMKKhineHlyan"]
[Black "GrumbleBruno"]
[Result "0-1"]
[WhiteElo "1802"]
[BlackElo "2460"]
[TimeControl "180+1"]
[EndTime "8:42:40 PST"]
[Termination "GrumbleBruno won by resignation"]

1. e4 e5 2. Nf3 d5 3. Nxe5 Bd6 4. d4 dxe4 5. Nxf7 Kxf7 6. Qh5+ g6 7. Bc4+ Be6 8. Bxe6+ Kxe6 9. Qg4+ Kf7 10. O-O Qd7 11. Qxe4 Nc6 12. d5 Nce7 13. c4 Re8 14. Qd4 Nf6 15. c5 Nf5 16. Qc4 b5 17. Qc2 Nd4 18. Qd3 Bxc5 19. Nc3 Qf5 20. Qd1 Bb6 21. a4 b4 22. a5 bxc3 23. axb6 Ne2+ 24. Kh1 c2 25.
Qd2 Ne4 26. Qb4 Qxf2 27. Be3 N4g3+ 28. hxg3 Nxg3+ 29. Kh2 Nxf1+ 30. Rxf1 Qxf1 31. Qf4+ Qxf4+ 32. Bxf4 cxb6 0-1